Map: Plaza violeta neón EE

Players

Furiavento

  • Race: Terran Terran
  • Spawn Location: 5:00

Chetzio - Winner!

  • Race: Terran Terran
  • League: Gold
  • Spawn Location: 11:00

VOD

Have the link to the VOD?

Description

Time

  • Played on: May 2, 2018, 10:49 a.m.
  • Length: 14:18
Show
View Real Time Build Order
Export as new Build Order

Furiavento Terran 

Build Orders: Reaper Expand, Mech 

Get SALT Encoding   

  12  0:01  SCV  
  13  0:13  SCV  
  14  0:21  Supply Depot  
  14  0:26  SCV  
  15  0:31  Refinery  
  15  0:43  SCV  
  16  0:50  Barracks  
  16  0:55  SCV  
  17  1:07  SCV  
  18  1:27  Supply Depot  
  18  1:37  Orbital Command  
  18  1:43  Reaper  
  19  1:47  Command Center  
  19  2:27  Factory  
  19  2:41  SCV, Refinery  
  20  2:52  Barracks Reactor  
  20  2:53  SCV  
  20  3:22  Supply Depot  
  20  3:40  Barracks Tech Lab, Hellion  
  20  3:41  Hellion  
  24  3:51  Orbital Command  
  24  3:52  SCV  
  25  4:02  Hellion x2  
  29  4:05  SCV  
  30  4:12  Factory  
  30  4:16  Supply Depot  
  31  4:17  SCV  
  31  4:23  Hellion x2  
  35  4:29  SCV  
  36  4:41  SCV  
  37  5:15  Barracks Tech Lab  
  37  5:37  Infernal Pre-Igniter  
  37  5:49  Factory  
  37  5:53  Widow Mine x2  
  41  6:07  SCV  
  42  6:13  Refinery  
  42  6:15  Widow Mine x2, Refinery  
  46  6:20  SCV  
  47  6:32  SCV  
  48  6:44  SCV  
  41  6:56  SCV  
  41  6:57  Command Center  
  38  7:21  Siege Tank  
  41  7:30  SCV  
  41  7:35  SCV  
  43  7:47  SCV  
  44  7:53  Siege Tank  
  47  7:59  SCV  
  48  8:05  Barracks Tech Lab  
  48  8:10  Starport  
  48  8:11  SCV  
  49  8:23  SCV  
  49  8:25  Siege Tank  
  59  8:49  Armory  
  59  8:52  Liberator  
  59  8:55  Hellion x2  
  57  8:57  Siege Tank  
  60  9:09  Barracks Tech Lab  
  63  9:16  Hellion  
  63  9:17  Hellion  
  61  9:23  SCV  
  59  9:29  Siege Tank  
  62  9:35  SCV, Liberator  
  62  9:38  Hellion x2  
  67  9:47  SCV  
  71  9:59  SCV, Hellion x2  
  76  10:11  SCV  
  77  10:26  Supply Depot  
  77  10:27  Drilling Claws  
  77  10:38  Smart Servos  
  77  10:47  SCV, Raven  
  80  11:05  Marine  
  81  11:17  Siege Tank  
  84  11:22  Marine  
  85  11:26  Supply Depot  
  85  11:47  Marine  
  85  11:48  Widow Mine x2  
  85  11:49  Siege Tank  
  93  11:57  Supply Depot  
  93  12:18  Marine  
  93  12:19  SCV, Widow Mine x2  
  93  12:22  Refinery  
  99  12:27  Supply Depot  
  99  12:31  SCV  
  99  12:36  Marine  
  101  12:48  SCV, Siege Tank  
  101  12:49  Supply Depot  
  105  13:00  SCV  
  106  13:20  Siege Tank  
Show
View Real Time Build Order
Export as new Build Order

Chetzio Terran - Winner!

Build Orders: Mech 

Get SALT Encoding   

  12  0:01  SCV  
  13  0:13  SCV  
  14  0:25  SCV  
  15  0:31  Supply Depot  
  15  0:45  Refinery  
  15  0:53  SCV  
  15  0:54  Barracks  
  16  1:05  SCV  
  17  1:17  SCV  
  18  1:19  Refinery  
  18  1:29  SCV  
  19  1:46  Supply Depot  
  19  1:49  Barracks Reactor  
  19  1:56  SCV  
  20  2:05  Factory  
  20  2:08  Orbital Command  
  20  2:24  Supply Depot  
  20  2:34  Marine x2  
  22  2:44  SCV  
  22  2:49  Supply Depot  
  23  2:57  SCV  
  24  3:06  Armory  
  24  3:09  SCV  
  25  3:21  SCV  
  26  3:30  Barracks Tech Lab  
  26  3:33  SCV  
  27  3:35  Factory  
  27  3:41  Starport  
  27  3:54  Hellion x2  
  31  4:00  Armory  
  31  4:03  Terran Vehicle Weapons Level 1  
  31  4:15  Hellion x2  
  35  4:28  Command Center  
  35  4:32  Supply Depot, Hellion x4  
  35  4:42  Starport Tech Lab  
  38  4:46  Thor  
  41  4:55  Smart Servos  
  41  5:11  Terran Vehicle And Ship Armor Level 1  
  41  5:29  Thor  
  47  5:40  Supply Depot  
  47  5:45  Hellion x2  
  51  6:04  Raven  
  53  6:16  Refinery  
  53  6:18  Refinery  
  53  6:20  SCV x2  
  55  6:32  SCV  
  57  6:33  Orbital Command  
  57  6:34  Hellion x6  
  57  6:39  Terran Vehicle Weapons Level 2  
  56  6:44  SCV  
  55  7:10  Hellion  
  55  7:11  Hellion, Thor  
  65  7:25  Factory  
  65  7:32  Hellbat x2  
  69  7:38  Infernal Pre-Igniter  
  69  7:45  SCV  
  69  7:46  SCV  
  71  7:53  Hellbat x2  
  71  7:57  SCV  
  71  7:58  SCV  
  77  8:09  SCV  
  78  8:29  Terran Vehicle And Ship Armor Level 2  
  78  8:39  SCV x2, Thor  
  86  8:42  Supply Depot x2  
  86  8:44  Supply Depot  
  86  8:51  SCV x2  
  88  9:02  Terran Vehicle Weapons Level 3  
  88  9:03  SCV x2  
  86  9:15  SCV x2  
  84  9:24  Hellbat x2  
  84  9:27  SCV  
  84  9:29  Thor  
  89  9:38  Factory Reactor, Hellion x6  
  89  9:44  Raven  
  95  9:45  Hellbat x2  
  95  10:04  Command Center  
  95  10:40  Liberator x2, Armory  
  95  10:43  SCV x2  
  95  10:46  Thor  
  95  10:49  Hellbat  
  107  10:50  Hellbat  
  113  11:07  Siege Tank  
  116  11:15  Hellbat  
  116  11:16  Hellbat  
  120  11:24  Supply Depot  
  120  11:25  Supply Depot  
  120  11:27  Supply Depot  
  120  11:29  Thor  
  126  11:36  Orbital Command  
  129  11:40  SCV x2, Siege Tank  
  129  11:46  Hellbat x2  
  135  11:54  Terran Ship Weapons Level 1  
  135  12:15  Thor  
  135  12:18  Siege Tank  
  135  12:22  Hellbat x2  
  148  12:28  Supply Depot  
  148  12:30  Supply Depot  
  148  12:31  Supply Depot  
  148  12:33  SCV x2  
  148  12:34  SCV  
  151  12:37  Refinery  
  151  12:39  Refinery  
  151  12:44  Hellbat x2  
  155  12:49  Thor  
  161  13:01  Liberator x2  
  161  13:05  Hellbat x2, Thor  
  177  13:26  Hellbat  
  177  13:27  Hellbat  
  181  13:32  Factory  
  181  13:35  Supply Depot  
  181  13:41  SCV x3  
  181  13:48  Hellbat x2  
  188  13:53  SCV x2  
  188  13:54  SCV  
Tags
 
Composition
MechMech
League
Gold
Matchup
TvT
Race
Terran
Replay Pack
First Ones
Spawn Locations
Cross Positions
Add a new tag
Caveats
  • Supply blocks, unpowered buildings, or Contaminate may cause inaccurate times.
  • Supply counts are checked every 10 seconds.